cohdb
Replays
Latest Replays
All Replays
Popular Replays
Top Player Replays
Match Explorer
How It Works
Community
CoH3 Stats
Reddit
Sign in to upload your games and track your stats! →
Sign in with Steam
Match 40729830
Unlisted
Match 40729830
Overview
Messages
Build Orders
End
Selects Luftwaffe Battlegroup
Selects Luftwaffe Pioneer Support
Fallschirmpioneer Squad Paradrop
Construct Infanterie Kompanie
MG 42 Machine Gun Team
Fallschirmpioneer Squad Paradrop
Fallschirmpioneer Squad Paradrop
Selects Stuka Strafing Run
Stuka Strafing Run
Infanterie Officer Quarters
Play4Fun(Dk)
WoW
Mael Radec
baydounkhalil1
Alertim
Scorps
SSS
Para_Spoon
0
0
Comments
sign in to comment!
No comments posted yet!